 Dungeon Crawl Stone Soup version 0.29.1-15-g9cfb28693d (webtiles) character file.

Game seed: 14999580695879154883

66612 H0rd4k the Skirmisher (level 15, -33/110 HPs)
             Began as a Human Artificer on Apr 21, 2023.
             Was an Initiate of Gozag.
             Killed from afar by Nikola (46 damage)
             ... with an arc of chain lightning
             ... on level 1 of the Swamp on Apr 24, 2023.
             The game lasted 00:50:30 (25120 turns).

H0rd4k the Skirmisher (Human Artificer)            Turns: 25120, Time: 00:50:30

Health: -33/110    AC:  7    Str: 13    XL:     15   Next: 62%
Magic:  0/39       EV: 19    Int:  9    God:    Gozag
Gold:   394        SH:  0    Dex: 23    Spells: 18/37 levels left

rFire   . . .      SeeInvis +   a - +9 sling of Severance {flame, rN+ Str-2 Int-2 Dex+6}
rCold   + . .      Faith    .   (no shield)
rNeg    + + .      Spirit   +   b - +1 robe of Jykhlopo {Rampage +Inv rCorr Archmagi}
rPois   .          Reflect  .   C - +1 helmet of Fuih {rC+ Int-4 Slay+5}
rElec   .          Harm     .   U - +0 cloak {rCorr}
rCorr   +          Rampage  +   q - +0 pair of gloves of the Locust {MP+9}
Will    ++...      Archmagi +   (no boots)
Stlth   ++++......              n - amulet of Ditusmuf {Spirit rN+ Will+ Str+2 SInv}
HPRegen 0.28/turn               z - +4 ring of slaying
MPRegen 0.26/turn               h - ring of wizardry

@: gold aura
A: no striking features
a: Renounce Religion, Evoke Invisibility, Potion Petition, Call Merchant, Bribe
Branch


You were on level 1 of the Swamp.
You worshipped Gozag.
Gozag was aware of your devotion.
You visited 5 branches of the dungeon, and saw 21 of its levels.
You also visited: Bailey and Ice Cave.

You collected 7510 gold pieces.
You spent 2773 gold pieces at shops.
You paid 4343 gold pieces to Gozag.

Inventory:

Hand Weapons
 a - the +9 sling of Severance (weapon) {flame, rN+ Str-2 Int-2 Dex+6}
   (You found it on level 2 of the Dungeon)

   Any ammunition fired from it burns those it strikes, dealing additional fire
   damage.
   Str:       It affects your strength (-2).
   Int:       It affects your intelligence (-2).
   Dex:       It affects your dexterity (+6).
   rN:        It protects you from negative energy.
 g - the +6 flail of Subterfuge {freeze, Will++}
   (You found it on level 11 of the Dungeon)

   It freezes those it strikes, dealing additional cold damage.
   It can also slow down cold-blooded creatures.
   Will:      It greatly increases your willpower.
 D - the +5 hammer "Othroibe" {protect, Int-3 Dex+4}
   (You found it on level 3 of the Dungeon)

   It grants its wielder temporary protection when it strikes (+7 to AC).
   Int:       It affects your intelligence (-3).
   Dex:       It affects your dexterity (+4).
Missiles
 y - 2 throwing nets
 Z - 31 poisoned darts
Armour
 b - the +1 robe of Jykhlopo (worn) {Rampage +Inv rCorr Archmagi}
   (You found it on level 4 of the Lair of Beasts)

   +Inv:      It lets you turn invisible.
   rCorr:     It protects you from acid and corrosion.
   Rampage:   It bestows one free step when moving towards enemies.
   Archmagi:  It increases the power of your magical spells.
 q - the +0 pair of gloves of the Locust (worn) {MP+9}
   (You bought it in a shop on level 1 of the Orcish Mines)

   MP:        It affects your magic capacity (+9).
 C - the +1 helmet of Fuih (worn) {rC+ Int-4 Slay+5}
   (You bought it in a shop on level 9 of the Dungeon)

   Int:       It affects your intelligence (-4).
   Slay:      It affects your accuracy & damage with ranged weapons and melee
   (+5).
   rC:        It protects you from cold.
 U - a +0 cloak of preservation (worn)
Magical Staves
 X - a staff of air
Jewellery
 h - a ring of wizardry (right hand)
 n - the amulet of Ditusmuf (around neck) {Spirit rN+ Will+ Str+2 SInv}
   (You bought it in a shop on level 9 of the Dungeon)

   [amulet of guardian spirit]

   It causes incoming damage to be divided between your reserves of health and
   magic.
   Str:       It affects your strength (+2).
   rN:        It protects you from negative energy.
   SInv:      It lets you see invisible.
   Will:      It increases your willpower.
 w - a ring of poison resistance
 z - a +4 ring of slaying (left hand)
 M - a ring of protection from fire
 T - a ring of flight
Wands
 c - a wand of flame (49)
 d - a wand of charming (41)
 e - a wand of iceblast (1)
 x - a wand of light (11)
 B - a wand of digging (12)
 L - a wand of mindburst (7)
 V - a wand of roots (19)
Scrolls
 f - 2 scrolls of summoning
 r - a scroll of fog
 s - 9 scrolls of teleportation
 t - 3 scrolls of amnesia
 G - a scroll of identify
 H - a scroll of immolation
 I - 6 scrolls of magic mapping
 J - 2 scrolls of fear
Potions
 j - 6 potions of flight
 k - 4 potions of mutation {unknown}
 l - 5 potions of haste
 m - 2 potions of curing
 o - 7 potions of heal wounds
 v - 3 potions of degeneration {unknown}
 A - a potion of berserk rage
 E - 4 potions of might {unknown}
 K - 4 potions of ambrosia
 N - 3 potions of invisibility
 P - 4 potions of brilliance {unknown}
 Q - 3 potions of magic {unknown}
 W - 2 potions of cancellation {unknown}
Miscellaneous
 i - a phantom mirror
 F - a box of beasts
 O - a condenser vane


   Skills:
 + Level 7.7 Fighting
 + Level 0.2 Short Blades
 + Level 2.0 Maces & Flails
 - Level 13.9 Ranged Weapons
 * Level 0.1 Throwing
 + Level 2.0 Armour
 + Level 9.1 Dodging
 + Level 6.9 Stealth
 * Level 11.8 Spellcasting
 * Level 3.7 Hexes
 + Level 7.6 Summonings
 * Level 0.4 Translocations
 + Level 8.8 Air Magic
 + Level 6.3 Evocations


You had 18 spell levels left.
You knew the following spells:

 Your Spells              Type           Power      Damage    Failure   Level
a - Confusing Touch       Hex            18%        N/A       3%          3
b - Slow                  Hex            72%        N/A       1%          1
c - Summon Lightning Spi  Summ/Air       30%        N/A       1%          4
d - Silence               Hex/Air        12%        N/A       11%         5
e - Portal Projectile     Hex/Tloc       26%        N/A       6%          3
f - Tukima's Dance        Hex            18%        N/A       3%          3

Your spell library contained the following spells:

 Spells                   Type           Power      Damage    Failure   Level
 Poisonous Vapours        Pois/Air       38%        N/A       1%          2
 Summon Guardian Golem    Hex/Summ       23%        N/A       1%          3
 Airstrike                Air            15%        2d(3-19)  1%          4
 Freeze                   Ice            28%        1d5       4%          1
 Necrotise                Necr           28%        1d5       4%          1
 Mephitic Cloud           Conj/Pois/Air  15%        N/A       4%          3
 Dazzling Flash           Conj/Hex       24%        N/A       7%          3
 Passwall                 Tmut/Erth      5%         N/A       8%          2
 Conjure Flame            Conj/Fire      7%         6-21      16%         3
 Frozen Ramparts          Ice            14%        1d3       16%         3
 Ignite Poison            Fire/Tmut/Pois 7%         N/A       16%         3
 Vampiric Draining        Necr           7%         2d6       16%         3
 Leda's Liquefaction      Hex/Erth       6%         N/A       22%         4
 Lightning Bolt           Conj/Air       9%         1d22      22%         5
 Freezing Cloud           Conj/Ice/Air   7%         6-21      36%         5
 Iskenderun's Mystic Bla  Conj/Tloc      8%         2d4       38%         4
 Hailstorm                Conj/Ice       7%         3d4       43%         4
 Sticky Flame             Conj/Fire      7%         2d3       43%         4
 Agony                    Necr           7%         N/A       77%         5
 Alistair's Intoxication  Tmut/Pois      4%         N/A       77%         5
 Blade Hands              Tmut           3%         N/A       77%         5
 Borgnjor's Vile Clutch   Necr/Erth      3%         N/A       77%         5
 Fireball                 Conj/Fire      3%         3d4       77%         5
 Death Channel            Necr           3%         N/A       99%         6
 Iron Shot                Conj/Erth      3%         9d2       99%         6
 Starburst                Conj/Fire      3%         6d3       99%         6
 Storm Form               Tmut/Air       9%         N/A       99%         7
 Orb of Destruction       Conj           3%         9d5       100%        7
 Spellforged Servitor     Conj/Summ      9%         N/A       100%        7
 Ignition                 Fire           3%         3d4       100%        8
 Maxwell's Capacitive Co  Air            15%        ∞         100%        8
 Animate Dead             Necr           Unusable   N/A       N/A         4

Dungeon Overview and Level Annotations

Branches:
Dungeon (12/15)            Temple (1/1) D:6            Lair (5/5) D:9
  Swamp (1/4) Lair:3       Spider (0/4) Lair:3        Slime (0/5) Lair:4
    Orc (2/2) D:11            Elf (0/3) Orc:2        Bailey (visited)
  IceCv (visited)

Altars:
Cheibriados
Dithmenos
Elyvilon
Fedhas
Gozag
Hepliaklqana
Kikubaaqudgha
Nemelex Xobeh
Okawaru
Qazlal
Sif Muna
Trog
Uskayaw
Vehumet
Xom
Yredelemnul
Zin
The Shining One
Jiyva

Shops:
D:9 =:!:[   Orc:1 [   Orc:2 **(*

Portals:
Trove: D:11 (give 19 potions of curing)

Annotations:
D:9 exclusion: downstairs
D:12 2 runed translucent doors, exclusion: 2 doors, engelados's ghost, journeyman DgIE
Lair:2 exclusion: upstairs
Swamp:1 Nikola
Orc:1 3 runed translucent doors, exclusions: 3 doors and downstairs, rlgrobin's ghost, journeyman OgGl


Message History

The sling bullet hits the spriggan rider!!
The sling bullet burns the spriggan rider.
You kill the hornet!
You now have 374 gold pieces (gained 6).
As its mount dies, the spriggan plunges down into deep water and drowns!
You kill the spriggan!
You now have 383 gold pieces (gained 9).
You hear a splash.
You shoot a sling bullet.
The sling bullet hits the spriggan rider!
The sling bullet burns the spriggan rider.
The spriggan rider is no longer distracted by gold.
The spriggan rider is moderately wounded.
Nikola the Mad Inventor comes into view.
He is wielding a +3 rapier of electrocution.
The spriggan rider is distracted by your dazzling golden aura.
You shoot a sling bullet.
Nikola shouts!
The spriggan rider shouts!
The sling bullet hits the spriggan rider!
The sling bullet burns the spriggan rider.
The spriggan rider is no longer distracted by gold.
The spriggan rider is heavily wounded.
The spriggan rider hits you from afar with a +0 spear!!
You shoot a sling bullet.
The sling bullet barely misses the spriggan rider.
Nikola casts a spell.
Lightning arcs from Nikola's hands!
The bolt of lightning hits you!!!
* * * LOW HITPOINT WARNING * * *
A bolt of lightning appears from out of thin air!
The bolt of lightning hits the spriggan rider!!
The spriggan rider dies!
The hornet dies!
You now have 387 gold pieces (gained 4).
You now have 394 gold pieces (gained 7).
You hear a splash.
The bolt of lightning hits Nikola!
You hear an angry squeal. x2; You hear a shout!
You hear a roar!
You hear an angry buzzing noise. x2; You hear a roar!
Nikola mumbles some strange words.
Lightning arcs from Nikola's hands!
The bolt of lightning hits you!!!
You die...
Your body crumbles into a pile of gold.

♣~..♣♣~ .
♣♣♣....~.. ~~
~♣.≈≈≈.... ~~~
♣..≈≈≈≈≈.. ~~~~
♣.≈≈≈≈≈≈≈.
..@♣.≈≈≈≈≈≈..
♣...≈≈≈≈≈≈.
♣..@≈≈≈≈≈≈.
♣..$≈≈≈≈≈≈.
.~...≈≈≈≈≈≈..
.~~[♣.♣.≈≈≈≈≈.~
♣♣♣ ♣♣♣~..≈≈.♣♣
..>~~~~♣
..~~~~♣♣
♣.§~~~.


You could see Nikola.

Vanquished Creatures
  A frost giant (IceCv)
  An eleionoma (Lair:3)
  4 hydras
  2 boulder beetles
  Erolcha (D:10)
  2 centaur warriors (Orc:2)
  A catoblepas (Lair:2)
  6 death yaks
  An orc high priest (Orc:1)
  A goliath frog (Lair:5)
  A bog body (Swamp:1)
  Pikel (D:8)
  3 orc knights (Orc:2)
  A deep elf pyromancer (D:12)
  A will-o-the-wisp (Swamp:1)
  An orc sorcerer (Orc:1)
  A manticore (D:12)
  An ugly thing (IceCv)
  Maurice (D:10)
  4 black mambas
  An ice statue (IceCv)
  Joseph (D:7)
  Maggie (D:8)
  17 cane toads
  3 torpor snails (Lair:2)
  A kobold demonologist (D:11)
  7 rime drakes (IceCv)
  2 gargoyles
  10 komodo dragons
  4 trolls
  7 polar bears
  2 tyrant leeches (Lair:5)
  2 hornets (Swamp:1)
  A nameless horror (Lair:1)
  21 blink frogs
  3 dream sheep (Lair:5)
  Sigmund (D:4)
  A shadow (D:12)
  2 spriggans (Swamp:1)
  6 wyverns
  A vampire (Bailey)
  A wraith (D:12)
  50 yaks
  A basilisk (Lair:1)
  A steam dragon (D:9)
  3 wargs
  10 vampire mosquitoes
  A swamp worm (Lair:3)
  3 acid dragons
  13 water moccasins
  The ghost of engelados the Conjurer, an amateur DECj (D:5)
  2 sky beasts
  4 black bears
  38 orc warriors
  9 ogres
  19 wolves
  12 centaurs
  3 phantoms
  3 kobold brigands
  Blork the orc (D:5)
  A necrophage (D:4)
  11 bullfrogs
  4 scorpions
  9 wights
  A water moccasin skeleton (D:5)
  3 killer bees (D:10)
  2 electric eels
  9 vampire bats (Bailey)
  6 howler monkeys
  3 wolf zombies (Bailey)
  2 bullfrog zombies (D:5)
  6 hounds
  Crazy Yiuf (D:3)
  12 orc priests
  3 jellies
  4 iguanas
  27 orc wizards
  Robin (D:3)
  3 gnolls (D:5)
  A howler monkey skeleton (D:5)
  10 adders
  A shadow imp (D:5)
  A white imp (D:6)
  4 dart slugs
  90 orcs
  6 bats
  4 endoplasms
  3 giant cockroaches
  22 goblins
  4 hobgoblins
  A quokka (D:2)
  7 ball pythons
  3 frilled lizards
  22 kobolds
  21 orc zombies (Bailey)
  3 rats
615 creatures vanquished.

Vanquished Creatures (collateral kills)
  2 death yaks (IceCv)
  A goliath frog (Lair:5)
  An orc knight (Orc:2)
  3 dream sheep (Lair:5)
  2 polar bears (IceCv)
  2 blink frogs (Lair:5)
  2 yaks
  2 vampire mosquitoes
  2 orc warriors (Orc:2)
  2 wolves (IceCv)
  A centaur (Orc:2)
  A necrophage (D:6)
  A gnoll sergeant (D:6)
  A wolf zombie (Bailey)
  2 orcs
  A hobgoblin (D:1)
26 creatures vanquished.

Vanquished Creatures (others)
  A spriggan (Swamp:1)
  A spriggan druid (Swamp:1)
  A bloated husk (Swamp:1)
  A hornet (Swamp:1)
  2 orc warriors (Orc:2)
  A wolf zombie (Bailey)
  2 foxfires (Swamp:1)
  27 fungi
  85 plants
121 creatures vanquished.

Grand Total: 762 creatures vanquished

Notes
Turn   | Place    | Note
-------+----------+-------------------------------------------
     0 | D:1      | H0rd4k the Human Artificer began the quest for the Orb.
     0 | D:1      | Reached XP level 1. HP: 15/15 MP: 1/1
   107 | D:1      | Reached XP level 2. HP: 9/21 MP: 2/2
   966 | D:2      | Reached skill level 1 in Maces & Flails
  1114 | D:2      | Identified the +9 sling of Severance {flame, rN+ Str-2
                  | Int-2 Dex+6}
  1253 | D:2      | Reached XP level 3. HP: 26/26 MP: 3/3
  1495 | D:2      | Found a faded altar of an unknown god.
  1499 | D:2      | Reached XP level 4. HP: 32/32 MP: 4/4
  1742 | D:3      | Noticed a phantom
  1750 | D:3      | Killed a phantom
  1751 | D:3      | Reached skill level 2 in Ranged Weapons
  1751 | D:3      | Reached XP level 5. HP: 34/38 MP: 5/5
  1992 | D:3      | Noticed Robin
  2005 | D:3      | Killed Robin
  2108 | D:3      | Reached skill level 3 in Ranged Weapons
  2211 | D:3      | Found a runed translucent door.
  2212 | D:3      | Noticed Crazy Yiuf
  2219 | D:3      | Killed Crazy Yiuf
  2220 | D:3      | Reached XP level 6. HP: 40/44 MP: 6/6
  2222 | D:3      | Identified the +5 hammer "Othroibe" {protect, Int-3 Dex+4}
  2266 | D:4      | Noticed Sigmund
  2271 | D:4      | Killed Sigmund
  2272 | D:4      | Reached skill level 4 in Ranged Weapons
  2272 | D:4      | Reached XP level 7. HP: 33/51 MP: 7/7
  2572 | D:4      | Found a shadowy altar of Dithmenos.
  2620 | D:4      | Reached skill level 5 in Ranged Weapons
  2940 | D:4      | Reached skill level 6 in Ranged Weapons
  3046 | D:5      | Entered Level 5 of the Dungeon
  3143 | D:5      | Found a transporter.
  3146 | D:5      | Noticed engelados's ghost (amateur DECj)
  3149 | D:5      | Found a transporter.
  3165 | D:5      | Reached XP level 8. HP: 58/58 MP: 8/8
  3193 | D:5      | Reached skill level 7 in Ranged Weapons
  3679 | D:5      | Noticed Blork the orc
  3684 | D:5      | Killed Blork the orc
  4016 | D:6      | Reached skill level 8 in Ranged Weapons
  4036 | D:6      | Found a staircase to the Ecumenical Temple.
  4044 | Temple   | Entered the Ecumenical Temple
  4188 | Temple   | Became a worshipper of Gozag Ym Sagoz the Greedy
  4540 | D:6      | Reached XP level 9. HP: 60/65 MP: 9/9
  4734 | D:6      | Reached skill level 9 in Ranged Weapons
  4999 | D:6      | Reached skill level 5 in Fighting
  5153 | D:7      | Reached skill level 10 in Ranged Weapons
  5213 | D:7      | Found a flagged portal.
  5232 | Bailey   | Entered a bailey
  5481 | Bailey   | Reached XP level 10. HP: 74/74 MP: 10/10
  5766 | Bailey   | Noticed a gargoyle
  5768 | Bailey   | Killed a gargoyle
  5769 | Bailey   | Reached skill level 11 in Ranged Weapons
  6067 | Bailey   | Got the Writings on Pestilence and Clay
  6335 | D:7      | Noticed Joseph
  6345 | D:7      | Killed Joseph
  7189 | D:8      | Noticed Maggie
  7281 | D:8      | Reached skill level 12 in Ranged Weapons
  7781 | D:8      | Reached XP level 11. HP: 76/84 MP: 11/11
  7862 | D:8      | Found a shimmering blue altar of Sif Muna.
  8179 | D:9      | Reached skill level 13 in Ranged Weapons
  8277 | D:9      | Found a hazy altar of Hepliaklqana.
  8277 | D:9      | Found an ancient bone altar of Kikubaaqudgha.
  8438 | D:9      | Found a staircase to the Lair.
  8840 | D:9      | Learned a level 3 spell: Confusing Touch
  8842 | D:9      | Learned a level 1 spell: Slow
  8847 | D:9      | Learned a level 4 spell: Summon Lightning Spire
  8855 | D:10     | Entered Level 10 of the Dungeon
  8858 | D:10     | Noticed Maurice
  8869 | D:10     | Killed Maurice
  8870 | D:10     | Reached skill level 1 in Spellcasting
  8870 | D:10     | Reached skill level 1 in Hexes
  8870 | D:10     | Reached skill level 1 in Summonings
  8870 | D:10     | Reached skill level 1 in Air Magic
  9594 | D:10     | Reached XP level 12. HP: 87/91 MP: 14/16
  9887 | D:10     | Noticed Erolcha
  9892 | D:10     | Killed Erolcha
 10508 | D:11     | Identified the +6 flail of Subterfuge {freeze, Will++}
 10539 | D:11     | Found a stormy altar of Qazlal.
 10611 | D:11     | Learned a level 5 spell: Silence
 10704 | D:11     | Found a staircase to the Orcish Mines.
 10749 | D:11     | Found a portal to a secret trove of treasure.
 10994 | Lair:1   | Entered Level 1 of the Lair of Beasts
 11180 | Lair:1   | Noticed a death yak
 11197 | Lair:1   | Noticed a death yak
 11199 | Lair:1   | Noticed a death yak
 11206 | Lair:1   | Killed a death yak
 11224 | Lair:1   | Killed a death yak
 11225 | Lair:1   | Reached skill level 5 in Spellcasting
 11659 | Lair:2   | Reached skill level 5 in Dodging
 11799 | Lair:2   | Noticed a catoblepas
 11805 | Lair:2   | Killed a catoblepas
 11847 | Lair:2   | Noticed a six-headed hydra
 11861 | Lair:2   | Killed a six-headed hydra
 12256 | Lair:2   | Found a snail-covered altar of Cheibriados.
 13108 | Lair:1   | Reached XP level 13. HP: 96/96 MP: 22/22
 13620 | Lair:2   | Reached skill level 5 in Stealth
 14005 | D:9      | Bought the +1 helmet of Fuih {rC+ Int-4 Slay+5} for 613
                  | gold pieces
 14234 | Lair:3   | Noticed an eight-headed hydra
 14237 | Lair:3   | Reached skill level 5 in Evocations
 14238 | Lair:3   | Killed an eight-headed hydra
 14441 | Lair:3   | Found a staircase to the Swamp.
 14648 | Lair:3   | Found a hole to the Spider Nest.
 14984 | Lair:4   | Found a staircase to the Slime Pits.
 14984 | Lair:4   | Found a viscous altar of Jiyva.
 15175 | Lair:4   | Identified the +1 robe of Jykhlopo {Rampage +Inv rCorr
                  | Archmagi}
 15216 | Lair:4   | Identified a scroll of acquirement
 15216 | Lair:4   | Acquired 578 gold pieces
 15941 | Lair:5   | Entered Level 5 of the Lair of Beasts
 16174 | Lair:5   | Identified the +1 ring mail "Targhecw" {rC+}
 16276 | Lair:5   | Reached skill level 5 in Air Magic
 16707 | Lair:5   | Reached XP level 14. HP: 103/103 MP: 23/26
 16979 | Lair:5   | Reached skill level 5 in Summonings
 17349 | Lair:5   | Identified the +4 lajatang of Butchery {drain, rC+ Will+
                  | Str-3 Int+5}
 18221 | Orc:1    | Entered Level 1 of the Orcish Mines
 18279 | Orc:1    | Found Rabbeitu's Antique Armour Shop.
 18330 | Orc:1    | Found a frozen archway.
 18415 | IceCv    | Entered an ice cave
 18460 | IceCv    | Reached skill level 10 in Spellcasting
 19087 | IceCv    | Noticed a frost giant
 19115 | IceCv    | Killed a frost giant
 19625 | Orc:1    | Reached XP level 15. HP: 108/108 MP: 29/29
 19895 | Orc:1    | Bought a pair of heavily runed gloves for 171 gold pieces
 19895 | Orc:1    | Identified the +0 pair of gloves of the Locust {MP+9} (You
                  | bought it in a shop on level 1 of the Orcish Mines)
 20016 | Orc:1    | Found a runed translucent gate.
 20016 | Orc:1    | Found a runed translucent gate.
 20019 | Orc:1    | Found a runed translucent gate.
 20022 | Orc:1    | Noticed rlgrobin's ghost (journeyman OgGl)
 20166 | Orc:2    | Entered Level 2 of the Orcish Mines
 20410 | Orc:2    | Found a staircase to the Elven Halls.
 22164 | Orc:2    | Found Kuta Zue's General Store.
 22164 | Orc:2    | Found Miasmocau's Weapon Shop.
 22166 | Orc:2    | Found Ibuluotwaosk's General Store.
 22168 | Orc:2    | Found Nathaxa's General Store.
 22172 | Orc:2    | Bought a scroll of fear for 40 gold pieces
 22180 | Orc:2    | Bought a +0 cloak of preservation for 149 gold pieces
 22513 | D:9      | Bought a book of Weapons for 532 gold pieces
 22517 | D:9      | Learned a level 3 spell: Portal Projectile
 22521 | D:9      | Learned a level 3 spell: Tukima's Dance
 22524 | D:9      | Bought 2 potions of curing for 120 gold pieces
 22524 | D:9      | Bought a potion of heal wounds for 100 gold pieces
 22665 | D:5      | Killed engelados's ghost
 22823 | D:8      | Noticed Pikel
 22826 | D:8      | Killed Pikel
 22834 | D:8      | Killed Maggie
 23971 | D:12     | Noticed a lich
 23971 | D:12     | Noticed engelados's ghost (journeyman DgIE)
 23972 | D:12     | Found the +7 lajatang of Order {silver, rMut}
 24179 | D:12     | Noticed a storm dragon
 24271 | D:12     | Found a runed translucent door.
 24314 | D:12     | Found a runed translucent door.
 24714 | D:9      | Bought the amulet of Ditusmuf {Spirit rN+ Will+ Str+2 SInv}
                  | for 1048 gold pieces
 24816 | Swamp:1  | Entered Level 1 of the Swamp
 25117 | Swamp:1  | Noticed Nikola
 25120 | Swamp:1  | Killed from afar by Nikola

Illustrated notes

Levels and vault maps discovered:
D:1:      saegor_arrival_miasma, layout_rooms
D:2:      layout_loops_ring, shapermc_ecumenical_altar_mp_ritualfount,
          hangedman_glass_teeth, roderic_serpentine_path
D:3:      layout_rooms, uniq_robin, uniq_crazy_yiuf_cottage
D:4:      layout_cave_pods, mainiacjoe_overflow_surrounded_room, uniq_sigmund
D:5:      layout_gridville, gammafunk_ghost_mausoleum, uniq_blork_the_orc
D:6:      minmay_clustersquares, layout_basic, temple_fountains,
          kennysheep_crisscross, nicolae_zen_rock_garden
D:7:      layout_cave_pools, enter_bailey_3, moated_statue, uniq_joseph
D:8:      minmay_flawed_box, layout_basic, mainiacjoe_overflow_boulevard,
          special_room [special_room_orc], uniq_maggie, uniq_pikel
D:9:      layout_roguey, chequers_temple_overflow_statue_of_worship,
          minmay_lair_entry_grove, nicolae_underground_beach
D:10:     layout_basic, glass_columns_c, uniq_maurice, uniq_erolcha
D:11:     layout_gridville, david_orc_3, enter_trove_2,
          nicolae_qazlal_general_emergency
D:12:     layout_loops_cross, muffindrake_ghost_dual_entry
Temple:   regret_index_temple_chain_breaker
Lair:1:   layout_chaotic_city
Lair:2:   layout_regular_city, kennysheep_snail_temple, lemuel_fruit_tree
Lair:3:   layout_regular_city, minmay_swamp_entry_worms, dummy_spider_entry
Lair:4:   layout_loops_ring, slime_entry_1
Lair:5:   minmay_lair_end_frog_pond, layout_small_grid, nzn_sisyphean_effort
Swamp:1:  layout_basic_swamp, nicolae_swamp_tree_designs, swamp_pool5,
          nicolae_swamp_feature_on_the_river_bank, infiniplex_staircase_pool,
          uniq_nikola, uniq_kirke
Orc:1:    layout_caves, gammafunk_ghost_necromancy,
          portal_ice_cave_entry_pillars_1, serial_shops,
          nicolae_shop_competitors_out_of_business
Orc:2:    st_orc_rangers, layout_caves

Skill      XL: |  1  2  3  4  5  6  7  8  9 10 11 12 13 14 15 |
---------------+----------------------------------------------+-----
Maces & Flails | 1 2 |  2.0
Ranged Weapons | 2 3 4 6 8 10 12 13 | 13.9
Fighting       | 2 3 4 5 7 |  7.7
Dodging        | 2 3 5 7 8 9 |  9.1
Stealth        | 2 3 4 6 |  6.9
Evocations     | 4 5 6 |  6.3
Spellcasting   | 2 6 8 10 11 | 11.8
Hexes          | 2 3 |  3.7
Summonings     | 2 3 4 6 7 |  7.6
Air Magic      | 2 4 5 7 8 |  8.8
Short Blades   | |  0.2
Throwing       | |  0.1
Armour         | |  2.0
Translocations | |  0.4

Action                   |  1- 3 |  4- 6 |  7- 9 | 10-12 | 13-15 || total
-------------------------+-------+-------+-------+-------+-------++-------
Melee: Club              |    46 |       |       |       |       ||    46
       Short sword       |     2 |       |       |       |       ||     2
       Punch             |     1 |       |       |       |       ||     1
       Mace              |       |       |     1 |       |       ||     1
       Sling             |       |       |     1 |       |       ||     1
 Fire: Sling             |    28 |    62 |   239 |   627 |   937 ||  1893
 Cast: Summon Lightning  |       |       |       |     1 |    44 ||    45
Invok: Call Merchant     |       |       |       |       |     5 ||     5
Evoke: Wand              |     4 |       |     3 |     9 |     6 ||    22
       Condenser vane    |       |       |       |     1 |       ||     1
  Use: Scroll            |       |       |     1 |     9 |    18 ||    28
       Potion            |       |       |       |     1 |     3 ||     4
 Stab: Distracted        |     1 |       |       |       |       ||     1
Armor: Leather armour    |    16 |    16 |    23 |    20 |     5 ||    80
       Skin              |       |       |       |     2 |       ||     2
       Robe              |       |       |       |       |    16 ||    16
Dodge: Dodged            |    39 |    17 |    48 |    76 |   154 ||   334
